 Dungeon Crawl Stone Soup version 0.25.0-9-g26727b657a (webtiles) character file.

Game seed: 16250950669403231787

347 Esekla the Slasher (level 6, -2/43 HPs)
             Began as an Octopode Abyssal Knight on June 18, 2020.
             Was a Believer of Lugonu.
             Slain by an orc
             ... wielding a +0 war axe
              (9 damage)
             ... on level 4 of the Dungeon.
             The game lasted 00:13:15 (3248 turns).

Esekla the Slasher (Octopode Abyssal Knight)        Turns: 3248, Time: 00:13:15

Health: -2/43      AC:  1    Str: 17    XL:     6   Next: 59%
Magic:  7/7        EV: 14    Int: 15    God:    Lugonu [**....]
Gold:   116        SH:  0    Dex: 13    Spells: 5/6 levels left

rFire    . . .     SeeInvis .   a - +1 falchion
rCold    . . .     Gourm    .   (no shield)
rNeg     . . .     Faith    .   (helmet restricted)
rPois    .         Spirit   .   (no amulet)
rElec    .         Reflect  .   h - +6 ring of strength
rCorr    .         Harm     .   (no ring)
MR       .....                  (no ring)
Stlth    +++.......             (no ring)
HPRegen  0.14/turn              (no ring)
MPRegen  0.10/turn              (no ring)
                                (no ring)
                                (no ring)

@: no status effects
A: almost no armour, stealthy swim, amphibious, 8 rings, constrict 8, camouflage
1, gelatinous body 1
a: Depart the Abyss, Bend Space, Renounce Religion


You were on level 4 of the Dungeon.
You worshipped Lugonu.
Lugonu was pleased with you.
You were not hungry.

You visited 2 branches of the dungeon, and saw 5 of its levels.
You visited the Abyss 1 time.

You collected 116 gold pieces.

Inventory:

Hand Weapons
 a - a +1 falchion (weapon)
 t - a +1 war axe of venom
 u - a +2 dagger of pain
Missiles
 o - 6 boomerangs (quivered)
Jewellery
 h - a +6 ring of strength (left tentacle)
 r - an uncursed amulet of reflection {unknown}
Scrolls
 d - 2 scrolls of teleportation {unknown}
 e - 2 scrolls of amnesia {unknown}
 g - a scroll of holy word {unknown}
 k - a scroll of blinking {unknown}
 n - 2 scrolls of enchant weapon {unknown}
 p - a scroll of immolation {unknown}
 s - a scroll of identify {unknown}
Potions
 c - 3 potions of lignification
 i - a potion of haste {unknown}
 j - a potion of brilliance {unknown}
 l - 3 potions of curing {unknown}
 m - a potion of ambrosia {unknown}
 q - a potion of flight {unknown}
Miscellaneous
 f - a phantom mirror
Comestibles
 b - 5 rations


   Skills:
 + Level 3.7 Fighting
 * Level 4.8 Long Blades
 * Level 3.5 Dodging
 + Level 2.1 Stealth
 * Level 0.9 Spellcasting
 * Level 1.0 Hexes
 * Level 2.5 Invocations


You had 5 spell levels left.
You knew the following spells:

 Your Spells              Type           Power        Failure   Level  Hunger
a - Corona                Hex            #......      16%         1    ##.....

Your spell library contained the following spells:

 Spells                   Type           Power        Failure   Level  Hunger
 Ensorcelled Hibernation  Hex/Ice        #.....       30%         2    ###....
 Confusing Touch          Hex            #.......     43%         3    ####...
 Tukima's Dance           Hex            #.......     43%         3    ####...
 Dazzling Flash           Conj/Hex       #.....       52%         3    ####...


Dungeon Overview and Level Annotations

Branches:
Dungeon (4/15)             Temple (1/1) D:4

Altars:
Cheibriados
Gozag
Nemelex Xobeh
Okawaru
Ru
Wu Jian
Xom
Yredelemnul
The Shining One


Innate Abilities, Weirdness & Mutations

You cannot wear most types of armour.
You are very stealthy in the water. (Stealth+)
You are amphibious.
You can wear up to eight rings at the same time.
You can use your tentacles to constrict eight enemies at once.
Your skin changes colour to match your surroundings (Stealth+).
Your rubbery body absorbs attacks. (AC +1, EV +1)


Message History

The orc is lightly wounded.
You constrict the orc. The orc hits you.
* * * LOW HITPOINT WARNING * * *
The orc hits you.
* * * LOW HITPOINT WARNING * * *
You hit the orc.
The orc is severely wounded.
You constrict the orc.
The orc struggles to escape constriction.
You slash the orc!
You kill the orc!
Lugonu accepts your kill.
You closely miss the orc. You grab the orc.
You squeeze the orc, but do no damage.
You constrict the orc, but do no damage.
The orc closely misses you.
You hit the orc.
The orc is moderately wounded.
You constrict the orc. The orc hits you with a +0 war axe!
You die...

#.'....## ##.#....$#
...#.O...# ..#.....#
........# #.......#
#.)..#
##########o###########
..........)@.........#
.....................#
.............?(......#
#.#
.......).............#
#..
.......(.........#####
#.. .###.##.##......(#
#... ##..#.(.#.......#
#... #...(......######
#..###....._........


You could see an orc.

Vanquished Creatures
  A centaur (D:4)
  An orc priest (D:4)
  An iguana (D:4)
  3 orc wizards
  An adder (D:3)
  A howler monkey skeleton (D:4)
  A white imp (Abyss:2)
  An ooze (D:2)
  A worm (Temple)
  4 dart slugs
  A leopard gecko (D:1)
  10 orcs
  A ball python (D:1)
  3 giant cockroaches
  9 goblins
  9 hobgoblins
  4 jackals
  7 kobolds
  2 quokkas (D:2)
  8 bats
  2 frilled lizards
  A quokka skeleton (D:4)
  3 rats
75 creatures vanquished.

Vanquished Creatures (others)
  4 starspawn tentacles (Abyss:2)
4 creatures vanquished.

Grand Total: 79 creatures vanquished

Notes
Turn   | Place    | Note
-------+----------+-------------------------------------------
     0 | Abyss:1  | Esekla the Octopode Abyssal Knight began the quest for the
                  | Orb.
     0 | Abyss:1  | Reached XP level 1. HP: 16/16 MP: 2/2
    67 | Abyss:2  | Reached XP level 2. HP: 12/21 MP: 3/3
   121 | Abyss:2  | Noticed a tentacled starspawn
   143 | Abyss:2  | Noticed a raiju
   152 | D:1      | Escaped the Abyss
   732 | D:1      | Reached XP level 3. HP: 23/26 MP: 4/4
   754 | D:1      | Reached * piety under Lugonu
  1503 | D:2      | Found a faded altar of an unknown god.
  1506 | D:2      | Reached skill level 3 in Long Blades
  1597 | D:2      | Reached XP level 4. HP: 31/31 MP: 5/5
  2138 | D:3      | Found an opulent altar of Gozag.
  2139 | D:3      | Found an iron altar of Okawaru.
  2172 | D:3      | Reached ** piety under Lugonu
  2543 | D:4      | Found an ornate altar of the Wu Jian Council.
  2570 | D:4      | Found a glowing golden altar of the Shining One.
  2600 | D:4      | Found a staircase to the Ecumenical Temple.
  2606 | D:4      | Found an iron altar of Okawaru.
  2611 | Temple   | Entered the Ecumenical Temple
  2614 | Temple   | Reached skill level 4 in Long Blades
  2614 | Temple   | Reached skill level 1 in Stealth
  2614 | Temple   | Reached XP level 5. HP: 22/36 MP: 6/6
  2620 | Temple   | Learned a level 1 spell: Corona
  3024 | D:4      | Noticed a centaur
  3046 | D:4      | Killed a centaur
  3046 | D:4      | Reached XP level 6. HP: 16/43 MP: 7/7
  3071 | D:4      | HP: 2/43 [iguana (12)]
  3242 | D:4      | Reached skill level 1 in Hexes
  3248 | D:4      | Slain by an orc

Illustrated notes

Levels and vault maps discovered:
D:1:      giann_bridges, layout_basic
D:2:      layout_basic, first_ration, chequers_ecumenical_altar_simple
D:3:      layout_basic, chequers_temple_overflow_statue_of_worship
D:4:      layout_basic, tso_metal_star, lemuel_crystal_altar,
          minmay_temple_entry_offerings, serial_shops, kennysheep_mini_moat,
          okawaru_gym_becter
Temple:   dshaligram_water_room_temple

Skill      XL: |  1  2  3  4  5  6 |
---------------+-------------------+-----
Long Blades    | 3 4 |  4.8
Dodging        | 3 |  3.5
Stealth        | 1 2 |  2.1
Hexes          | 1 |  1.0
Fighting       | |  3.7
Spellcasting   | |  0.9
Invocations    | |  2.5

Action                   |  1- 3 |  4- 6 || total
-------------------------+-------+-------++-------
Melee: Falchion          |    53 |    90 ||   143
       Tentacles         |    11 |    14 ||    25
       Constrict         |    15 |    33 ||    48
Throw: Boomerang         |       |     2 ||     2
Invok: Depart the Abyss  |     1 |       ||     1
  Use: Potion            |       |     1 ||     1
 Stab: Sleeping          |     4 |     2 ||     6
  Eat: Chunk             |     1 |     6 ||     7
Armor: Skin              |     3 |    13 ||    16
Dodge: Dodged            |    41 |    83 ||   124
       Rpst.: Falchion   |    11 |    28 ||    39
